 Dungeon Crawl Stone Soup version 0.31.0-12-g77e489cdc1 (webtiles) character file.

Game seed: 9664682327753503431

17 Pestilence the Sneak (level 2, 0/17 HPs)
             Began as an Octopode Hedge Wizard on Feb 12, 2024.
             Slain by a gnoll
             ... wielding a +0 club
              (1 damage)
             ... on level 3 of the Dungeon.
             The game lasted 00:02:18 (248 turns).

Pestilence the Sneak (Octopode Hedge Wizard)         Turns: 248, Time: 00:02:18

Health: 0/17       AC:  1    Str:  9    XL:     2   Next: 62%
Magic:  6/6        EV: 13    Int: 16    God:
Gold:   18         SH:  0    Dex: 11    Spells: 6/7 levels left

rFire   . . .        a - +0 dagger
rCold   . . .        (no shield)
rNeg    . . .        b - +0 hat
rPois   .            (no amulet)
rElec   .            (no ring)
rCorr   .            (no ring)
SInv    .            (no ring)
Will    .....        (no ring)
Stlth   +++          (no ring)
HPRegen 0.22/turn    (no ring)
MPRegen 0.10/turn    (no ring)
                     (no ring)

%: no passive effects
@: no status effects
A: almost no armour, amphibious, 8 rings, camouflage 1, gelatinous body 1,
(nimble swimmer 1), tentacles
a: no special abilities


You were on level 3 of the Dungeon.
You visited 1 branch of the dungeon, and saw 3 of its levels.

You collected 18 gold pieces.

Inventory:

Hand Weapons
 a - a +0 dagger (weapon)
Armour
 b - a +0 hat (worn)
Scrolls
 d - a scroll of blinking {unknown}
Potions
 c - a potion of magic


   Skills:
 + Level 2.3 Dodging
 + Level 3.2 Stealth
 + Level 3.2 Spellcasting
 + Level 1.4 Conjurations
 - Level 1.0 Summonings
 - Level 1.0 Translocations


You had 6 spell levels left.
You knew the following spells:

 Your Spells              Type           Power      Damage    Failure   Level
a - Magic Dart            Conj           28%        1d4       10%         1

Your spell library contained the following spells:

 Spells                   Type           Power      Damage    Failure   Level
 Slow                     Hex            8%         N/A       19%         1
 Blink                    Tloc           10%        N/A       19%         2
 Call Imp                 Summ           10%        N/A       19%         2
 Cigotuvi's Dreadful Rot  Necr/Alch/Air  4%         N/A       28%         2
 Mephitic Cloud           Conj/Alch/Air  4%         N/A       41%         3


Dungeon Overview and Level Annotations

Branches:
Dungeon (3/15)

Altars:
Ashenzari
Ru
Zin


Innate Abilities, Weirdness & Mutations

You cannot wear most types of armour.
You are amphibious.
You can wear up to eight rings at the same time.
Your skin changes colour to match your surroundings (Stealth+).
Your rubbery body absorbs attacks. (AC +1, EV +1)
((You are camouflaged when in or above water. (Stealth+)))
You have tentacles for arms and can constrict up to eight enemies at once.


Message History

Found a broken altar of Ashenzari.
Found a glowing silver altar of Zin.
There is an open door here.
A gnoll comes into view. It is wielding a +0 flail.
A gnoll and a bat come into view.
The helpless gnoll fails to defend itself.
You puncture the gnoll! You grab the gnoll.
The gnoll is severely wounded.
You constrict the gnoll.
The gnoll shouts!
The gnoll closely misses you.
You hit the gnoll.
You kill the gnoll!
The gnoll attacks as it pursues you! The gnoll closely misses you.
A gnoll comes into view. It is wielding a +0 club.
The gnoll closely misses you.
You closely miss the gnoll.
The gnoll shouts!
Your grab misses the gnoll. The gnoll misses you.
You hit the gnoll but do no damage. You grab the gnoll.
You constrict the gnoll, but do no damage.
The gnoll misses you. x2
You hit the gnoll. You squeeze the gnoll.
The gnoll is lightly wounded.
You constrict the gnoll, but do no damage.
The gnoll misses you. The gnoll hits you with a +0 club.
You hit the gnoll.
The gnoll is moderately wounded.
You constrict the gnoll. The gnoll hits you with a +0 club. x2
* * * LOW HITPOINT WARNING * * *
You hit the gnoll. You squeeze the gnoll.
The gnoll is severely wounded.
You constrict the gnoll. The gnoll misses you.
The gnoll hits you with a +0 club.
* * * LOW HITPOINT WARNING * * *
You hit the gnoll but do no damage.
You squeeze the gnoll, but do no damage.
The gnoll is almost dead.
You constrict the gnoll. The gnoll hits you with a +0 club.
You die...

>.....##≈.≈##..##
.(.....##'##..##
#.......##
####.##.###
#......# #.##.#.#
##.##.#.# #.....#
# #.@#### #gg#
#.).....#
...####### ####


You could see 2 gnolls.

Vanquished Creatures
  A gnoll (D:3)
  2 endoplasms
  3 goblins
  A bat (D:1)
  A frilled lizard (D:2)
8 creatures vanquished.

Notes
Turn   | Place    | Note
-------+----------+-------------------------------------------
     0 | D:1      | Pestilence the Octopode Hedge Wizard began the quest for
                  | the Orb.
     0 | D:1      | Reached XP level 1. HP: 11/11 MP: 4/4
   125 | D:2      | Reached XP level 2. HP: 6/17 MP: 6/6
   222 | D:3      | Found a glowing silver altar of Zin.
   222 | D:3      | Found a broken altar of Ashenzari.
   222 | D:3      | Found a sacrificial altar of Ru.
   248 | D:3      | Slain by a gnoll

Illustrated notes

Levels and vault maps discovered:
D:1:      dpeg_arrival_windows_large_door, layout_loops_cross, serial_shops,
          nicolae_shop_hallway_plus, minmay_large_rounded_square,
          palyth_stone_intersect
D:2:      layout_loops_cross
D:3:      layout_loops_cross, gammafunk_temple_overflow_claw,
          columned_hall_lemuel, bh_walls_and_bars

Skill      XL: |  1 |
---------------+----+-----
Stealth        | 3 |  3.2
Dodging        | |  2.3
Spellcasting   | |  3.2
Conjurations   | |  1.4
Summonings     | |  1.0
Translocations | |  1.0

Action                     || total
---------------------------++-------
  Melee: Dagger            ||    24
         Tentacles         ||     7
         Constrict         ||     4
   Stab: Sleeping          ||     2
 Armour: Skin              ||    17
  Dodge: Dodged            ||    19
